 Dungeon Crawl Stone Soup version 0.22-a0-571-g4a923d4 (webtiles) character file.

982 kae the Insei (level 7, -4/52 HPs)
             Began as a Demonspawn Transmuter on July 1, 2018.
             Slain by an orc warrior
             ... wielding a cursed -1 mace
              (17 damage)
             ... on level 6 of the Dungeon.
             The game lasted 00:04:23 (5745 turns).

kae the Insei (Demonspawn Transmuter)               Turns: 5745, Time: 00:04:23

Health: -4/52      AC:  6    Str: 10    XL:     7   Next: 96%
Magic:  12/12      EV: 12    Int: 15    God:
Gold:   17         SH:  0    Dex: 15    Spells: 7/13 levels left

rFire    . . .     SeeInvis .   h - +2 spear (venom)
rCold    . . .     Gourm    .   (no shield)
rNeg     . . .     Faith    .   t - +3 leather armour {rPois}
rPois    +         Spirit   .   (helmet restricted)
rElec    .         Reflect  .   (no cloak)
rCorr    .         Harm     .   (no gloves)
MR       .....                  (boots currently unavailable)
Stlth    +.........             (no amulet)
HPRegen  0.17/turn              o - ring of loudness (curse)
MPRegen  0.13/turn              m - ring of flight

@: appendage (expiring)
A: claws 1, horns 1, talons 3, nightstalker 1
a: End Transformation, Evoke Flight


You were on level 6 of the Dungeon.
You were near starving.
You had grown temporary talons.
You visited 1 branch of the dungeon, and saw 6 of its levels.

You collected 220 gold pieces.
You spent 203 gold pieces at shops.

Inventory:

Hand Weapons
 h - a +2 spear of venom (weapon)
Missiles
 a - 78 arrows
Armour
 b - a +1 robe
 t - a +3 leather armour of poison resistance (worn)
Jewellery
 c - an uncursed ring of fire {unknown}
 m - a ring of flight (right claw)
 o - a cursed ring of loudness (left claw)
 q - a cursed amulet of inaccuracy {unknown}
Wands
 n - a wand of flame (47)
Scrolls
 f - 2 scrolls of amnesia {unknown}
 i - a scroll of identify
 k - a scroll of enchant armour
 l - 3 scrolls of remove curse
 p - a scroll of fog
 u - a scroll of blinking {unknown}
 v - 2 scrolls of immolation {unknown}
 w - a scroll of torment {unknown}
Potions
 e - 2 potions of brilliance
 g - a potion of degeneration
 j - 4 potions of curing
 r - 2 potions of lignification
 s - a potion of resistance
Comestibles
 d - 9 rations


   Skills:
 + Level 3.6 Fighting
 - Level 1.7 Dodging
 * Level 5.5 Unarmed Combat
 + Level 3.9 Spellcasting
 * Level 5.1 Transmutations


You had 7 spell levels left.
You knew the following spells:

 Your Spells              Type           Power        Failure   Level  Hunger
a - Beastly Appendage     Tmut           ###...       3%          1    None
b - Sticks to Snakes      Tmut           ###.....     4%          2    ##.....
c - Spider Form           Tmut/Pois      ##........   26%         3    ###....

Your spell library contained the following spells:

 Spells                   Type           Power        Failure   Level  Hunger
 Blade Hands              Tmut           ###.......   63%         5    ######.
 Ice Form                 Ice/Tmut       ##......     65%         4    ####...


Dungeon Overview and Level Annotations

Branches:
Dungeon (6/15)             Temple (0/1) D:6

Altars:
Cheibriados
Hepliaklqana
Yredelemnul

Shops:
D:5 [[=[*

Annotations:
D:4 1 runed door, Hebeh's ghost, novice MiFi


Innate Abilities, Weirdness & Mutations

You have sharp fingernails.
You have a pair of small horns on your head.
You are slightly more attuned to the shadows.
You have claws for feet.


Message History

The orc warrior barely misses you. The orc misses you.
The orc closely misses you.
You hit the orc warrior.
The orc warrior is moderately wounded.
The orc closely misses you.
The orc hits you from afar with a trident.
The orc warrior closely misses you. The orc hits you with a flail.
You hit the orc warrior but do no damage.
The orc warrior looks as sick as possible!
The orc warrior is heavily wounded.
The orc closely misses you. x2; The orc warrior hits you with a mace!
You hit the orc warrior but do no damage.
The orc warrior looks as sick as possible!
Your headbutt misses the orc warrior.
The orc warrior is heavily wounded.
The orc closely misses you. The orc hits you with a hand axe.
The orc hits you from afar with a trident.
* * * LOW HITPOINT WARNING * * *
The orc warrior hits you with a mace!
You die...

... #.# ...
##.## .o.
#o#####
#######o....#
#.....@o.##.#
#......o..#
#........b#
#(.<......#
######....##.#
...(.#..>.##.#
..............
..............%
######.#...#.#.#


You could see an orc warrior and 4 orcs.

Vanquished Creatures
  2 sky beasts (D:5)
  An ice beast (D:5)
  A phantom (D:4)
  2 centaurs
  Blork the orc (D:5)
  A bullfrog (D:2)
  A crimson imp (D:5)
  An orc wizard (D:2)
  A bullfrog skeleton (D:5)
  3 worker ants
  4 gnolls (D:4)
  2 adders
  2 oozes
  3 worms
  3 dart slugs
  6 leopard geckos
  8 orcs
  4 ball pythons
  4 giant cockroaches
  8 goblins
  5 hobgoblins
  12 jackals
  5 kobolds
  3 quokkas
  7 bats
  4 frilled lizards
  A leopard gecko skeleton (D:4)
  9 rats
104 creatures vanquished.

Notes
Turn   | Place    | Note
-------+----------+-------------------------------------------
     0 | D:1      | kae the Demonspawn Transmuter began the quest for the Orb.
     0 | D:1      | Reached XP level 1. HP: 15/15 MP: 3/3
    98 | D:1      | Gained mutation: You are slightly more attuned to the shadows. [demonic ancestry]
    98 | D:1      | Reached XP level 2. HP: 13/21 MP: 3/5
   892 | D:1      | Gained mutation: You have sharp fingernails. [demonic ancestry]
   892 | D:1      | Reached XP level 3. HP: 26/26 MP: 6/6
  1104 | D:2      | Learned a level 2 spell: Sticks to Snakes
  1164 | D:2      | Learned a level 3 spell: Spider Form
  1456 | D:2      | Gained mutation: You have a pair of small horns on your head. [demonic ancestry]
  1456 | D:2      | Reached XP level 4. HP: 27/33 MP: 7/7
  1600 | D:2      | Noticed a bullfrog
  1606 | D:2      | Killed a bullfrog
  1606 | D:2      | Reached XP level 5. HP: 23/38 MP: 7/9
  2140 | D:3      | Noticed a centaur
  3160 | D:3      | Killed a centaur
  3160 | D:3      | Reached XP level 6. HP: 40/46 MP: 10/10
  3366 | D:4      | Found a snail-covered altar of Cheibriados.
  3366 | D:4      | Found a hazy altar of Hepliaklqana.
  3765 | D:4      | Found a runed door.
  3765 | D:4      | Noticed Hebeh's ghost (novice MiFi)
  4058 | D:4      | Found a basalt altar of Yredelemnul.
  4498 | D:5      | Entered Level 5 of the Dungeon
  4576 | D:5      | Reached XP level 7. HP: 49/51 MP: 11/11
  4591 | D:5      | Found Jiraib's Armour Shoppe.
  4600 | D:5      | Noticed Blork the orc
  4782 | D:5      | Reached skill level 5 in Unarmed Combat
  4992 | D:5      | Killed Blork the orc
  5204 | D:5      | Reached skill level 5 in Transmutations
  5371 | D:5      | Found Adaolius's Armour Boutique.
  5474 | D:5      | Found Xiyph's Antique Armour Shoppe.
  5479 | D:5      | Found Ruixta Locs's Assorted Antiques.
  5485 | D:5      | Bought a dyed leather armour for 140 gold pieces
  5672 | D:5      | Bought a scroll labeled HIJYTEF OHARGHA for 21 gold pieces
  5672 | D:5      | Bought a scroll labeled DUITUNICSAM for 21 gold pieces
  5672 | D:5      | Bought a scroll labeled ZEAT GUMNAYSA for 21 gold pieces
  5684 | D:5      | Found Efecirgh's Jewellery Emporium.
  5725 | D:6      | Found a staircase to the Ecumenical Temple.
  5745 | D:6      | Slain by an orc warrior

Vault maps used:
D:1:      ebering_hopf_link, st_stairs_3
D:4:      nicolae_overflow_hidden_temple, ebering_ghost_reflecting_pool
D:5:      serial_shops, shop, shop, shop,
          nicolae_shop_temple_entry_statues_fountains, shop, first_ration,
          lemuel_another_geyser, uniq_blork_the_orc
D:6:      minmay_temple_entry_butterflies

Skill      XL: |  1  2  3  4  5  6  7 |
---------------+----------------------+-----
Transmutations | 2 3 4 5 |  5.1
Unarmed Combat | 3 4 5 |  5.5
Fighting       | 2 3 |  3.6
Spellcasting   | 3 |  3.9
Dodging        | |  1.7

Action                   |  1- 3 |  4- 6 |  7- 9 || total
-------------------------+-------+-------+-------++-------
Melee: Unarmed           |    23 |       |       ||    23
       Kick              |     5 |     9 |     2 ||    16
       Spear             |    64 |   148 |    55 ||   267
       Headbutt          |     2 |    25 |     9 ||    36
       Punch             |     1 |     2 |     1 ||     4
 Cast: Beastly Appendage |    12 |    13 |     4 ||    29
       Sticks to Snakes  |       |     2 |     1 ||     3
  Use: Scroll            |       |    12 |     1 ||    13
       Potion            |       |     2 |     1 ||     3
 Stab: Sleeping          |     8 |     9 |       ||    17
  Eat: Chunk             |     1 |    11 |     2 ||    14
Armor: Robe              |    17 |    10 |     5 ||    32
Dodge: Dodged            |    39 |    62 |    33 ||   134

Table legend:
 A = Spawn XP
 B = Non-spawn XP
 C = Spawn XP percentage of total XP
 D = Spawn monster count
 E = Non-spawn monster count
 F = Spawn count percentage of total count
 G = Total turns spent on level
                    A         B        C        D         E        F      G
               +---------+---------+-------+---------+---------+-------+---------
         Total |       0 |    1404 |   0.0 |       0 |     104 |   0.0 |  5745
               +---------+---------+-------+---------+---------+-------+---------
           D:1 |       0 |      50 |   0.0 |       0 |      25 |   0.0 |  1034
           D:2 |       0 |     191 |   0.0 |       0 |      23 |   0.0 |  1058
           D:3 |       0 |     164 |   0.0 |       0 |      25 |   0.0 |  1128
           D:4 |       0 |     268 |   0.0 |       0 |      17 |   0.0 |  1278
           D:5 |       0 |     731 |   0.0 |       0 |      14 |   0.0 |  1227
               +---------+---------+-------+---------+---------+-------+---------
